 Dungeon Crawl Stone Soup version 0.26-a0-808-g930a2b7adc (webtiles) character file.

Game seed: 9468319502294594611

46 Kinoniko the Cudgeller (level 3, -1/29 HPs)
             Began as a Demonspawn Monk on Nov 12, 2020.
             Slain by a goblin (2 damage)
             ... led by Robin
             ... on level 2 of the Dungeon.
             The game lasted 00:01:57 (2088 turns).

Kinoniko the Cudgeller (Demonspawn Monk)            Turns: 2088, Time: 00:01:58

Health: -1/29      AC:  7    Str: 12    XL:     3   Next: 44%
Magic:  12/12      EV: 10    Int: 11    God:
Gold:   51         SH:  0    Dex: 15    Spells: 2/2 levels left

rFire    . . .     SeeInvis .   a - +0 mace
rCold    . . .     Faith    .   (no shield)
rNeg     . . .     Spirit   .   i - +0 scale mail
rPois    .         Reflect  .   (no helmet)
rElec    .         Harm     .   d - +0 cloak
rCorr    .         Rampage  .   (no gloves)
MR       .....                  (no boots)
Stlth    +.........             (no amulet)
HPRegen  0.09/turn              e - ring of magical power
MPRegen  0.13/turn              (no ring)

@: no status effects
A: powered by pain 1
a: no special abilities


You were on level 2 of the Dungeon.
You visited 1 branch of the dungeon, and saw 2 of its levels.

You collected 51 gold pieces.

Inventory:

Hand Weapons
 a - a +0 mace (weapon)
Armour
 b - a +0 robe
 c - a +0 ring mail
 d - a +0 cloak (worn)
 i - a +0 scale mail (worn)
Jewellery
 e - a ring of magical power (left hand)
Scrolls
 f - a scroll of fog
 g - a scroll of identify


   Skills:
 - Level 3.0 Fighting
 * Level 3.9 Maces & Flails
 - Level 3.0 Dodging
 - Level 1.7 Stealth


You had 2 spell levels left.
You didn't know any spells.
Your spell library was empty.

Dungeon Overview and Level Annotations

Branches:
Dungeon (2/15)

Altars:

Annotations:
D:2 Robin


Innate Abilities, Weirdness & Mutations

You sometimes gain a little power by taking damage.


Message History

The hobgoblin hits you with a +0 club.
You closely miss the hobgoblin. The goblin hits you but does no damage.
The hobgoblin hits you with a +0 club.
You barely miss the hobgoblin. The goblin hits you.
* * * LOW HITPOINT WARNING * * *
The hobgoblin hits you with a +0 club.
* * * LOW HITPOINT WARNING * * *
You closely miss the hobgoblin. The goblin barely misses you.
The hobgoblin hits you with a +0 club.
* * * LOW HITPOINT WARNING * * *
Unknown command.
You hit the hobgoblin.
The hobgoblin is heavily wounded.
The goblin hits you.
* * * LOW HITPOINT WARNING * * *
The hobgoblin closely misses you.
You hit the hobgoblin but do no damage.
The hobgoblin is heavily wounded.
The goblin hits you.
You die...

#.##.# .#
#.##.# .#
#<##.##.#
#.......#
##......## .
#.......# ..
#..##.#.#
...##..#..#g#
. .....#.##@#
....#gg#.##g#
.....gggg.gg#
g....#g#.####
..# #.#.#
....# .#.###
.... ...##


You could see Robin, 2 hobgoblins and a goblin.

Vanquished Creatures
  An ooze (D:1)
  A dart slug (D:1)
  A leopard gecko (D:1)
  2 giant cockroaches
  6 goblins
  2 hobgoblins (D:1)
  7 jackals (D:1)
  3 bats (D:1)
  4 frilled lizards
  5 kobolds (D:1)
  5 rats (D:1)
37 creatures vanquished.

Notes
Turn   | Place    | Note
-------+----------+-------------------------------------------
     0 | D:1      | Kinoniko the Demonspawn Monk began the quest for the Orb.
     0 | D:1      | Reached XP level 1. HP: 18/18 MP: 1/1
   416 | D:1      | Gained mutation: You sometimes gain a little power by
                  | taking damage. [demonic ancestry]
   416 | D:1      | Reached XP level 2. HP: 24/24 MP: 2/2
  1090 | D:1      | Reached XP level 3. HP: 5/29 MP: 3/3
  2063 | D:2      | Noticed Robin
  2087 | D:2      | HP: 1/29 [goblin[Robin] (2)]
  2088 | D:2      | Slain by a goblin

Illustrated notes

Levels and vault maps discovered:
D:1:      saegor_arrival_simple_a, layout_basic
D:2:      layout_loops_cross, uniq_robin

Skill      XL: |  1 |
---------------+----+-----
Dodging        | 3 |  3.0
Maces & Flails | 3 |  3.9
Fighting       | |  3.0
Stealth        | |  1.7

Action                   || total
-------------------------++-------
Melee: Mace              ||   146
  Use: Potion            ||     1
       Scroll            ||     2
 Stab: Sleeping          ||     2
Armor: Robe              ||    20
       Ring mail         ||    15
       Scale mail        ||     8
Dodge: Dodged            ||   128

Table legend: (Time is in decaauts)
 A = Elapsed time spent in this place.
 B = Non-inter-level travel time spent in this place.
 C = Inter-level travel time spent in this place.
 D = Time resting spent in this place.
 E = Time spent auto-exploring this place.
 F = Levels seen in this place.
 G = Mean time per level.
                   A        B        C        D        E       F      G
               +--------+--------+--------+--------+--------+-----+--------+
         Total |   2121 |   2071 |     50 |    595 |   1141 |   2 | 1060.5 |
       Dungeon |   2121 |   2071 |     50 |    595 |   1141 |   2 | 1060.5 |
               +--------+--------+--------+--------+--------+-----+--------+

Top non-repeatable levels by time:
     D:1: 2047 daAuts
     D:2: 73 daAuts
